 Dungeon Crawl Stone Soup version 0.27.0-1-g7a08968 (webtiles) character file.

Game seed: 6570775460269090342

16 Danakh the Sneak (level 2, -1/24 HPs)
             Began as a Demonspawn Delver on Dec 27, 2021.
             Slain by a quokka (2 damage)
             ... on level 4 of the Dungeon.
             The game lasted 00:02:35 (645 turns).

Danakh the Sneak (Demonspawn Delver)                 Turns: 645, Time: 00:02:36

Health: -1/24      AC:  3    Str: 12    XL:     2   Next: 37%
Magic:  2/2        EV: 12    Int: 11    God:
Gold:   0          SH:  0    Dex: 14    Spells: 1/1 levels left

rFire    . . .     SeeInvis .   a - +0 hand axe
rCold    . . .     Faith    .   (no shield)
rNeg     . . .     Spirit   .   b - +0 leather armour
rPois    .         Reflect  .   (no helmet)
rElec    .         Harm     .   (no cloak)
rCorr    .         Rampage  .   (no gloves)
Will     .....                  (no boots)
Stlth    ++........             (no amulet)
HPRegen  0.08/turn              (no ring)
MPRegen  0.08/turn              (no ring)

@: no status effects
A: hooves 1
a: no special abilities


You were on level 4 of the Dungeon.
You visited 1 branch of the dungeon, and saw 2 of its levels.

Inventory:

Hand Weapons
 a - a +0 hand axe (weapon)
Missiles
 h - 2 boomerangs (quivered)
Armour
 b - a +0 leather armour (worn)
Wands
 g - a wand of digging (3)
Scrolls
 c - a scroll of fog
 d - a scroll of magic mapping
 e - a scroll of fear
Potions
 f - a potion of haste


   Skills:
 + Level 3.2 Fighting
 * Level 2.3 Axes
 + Level 2.0 Dodging
 - Level 4.5 Stealth


You had one spell level left.
You didn't know any spells.
Your spell library was empty.

Dungeon Overview and Level Annotations

Branches:
Dungeon (5/15)
 Temple: D:4-7

Altars:


Innate Abilities, Weirdness & Mutations

You have large cloven feet.


Message History

The iguana hisses angrily.
You hit the iguana but do no damage. The iguana bites you.
The iguana bites you!
You are too injured to fight recklessly!
You are too injured to fight recklessly!
Things that are here:
a +0 short sword; 23 stones; a kobold skeleton
Things that are here:
a +0 short sword; 23 stones; a kobold skeleton You hit the iguana.
You kick the iguana, but do no damage.
The iguana is moderately wounded.
The iguana bites you!
Ouch! That really hurt!
* * * LOW HITPOINT WARNING * * *
The iguana completely misses you.
You feel yourself speed up.
You see here a +0 short sword.
A quokka comes into view.
The quokka moves out of view.
You closely miss the quokka. Your kick misses the quokka.
The quokka closely misses you.
You hit the quokka but do no damage. The quokka bites you.
* * * LOW HITPOINT WARNING * * *
You barely miss the quokka.
Your extra speed is starting to run out.
You closely miss the quokka. The quokka bites you.
* * * LOW HITPOINT WARNING * * *
You hit the quokka but do no damage. The quokka bites you.
* * * LOW HITPOINT WARNING * * *
You closely miss the quokka. The quokka misses you.
You barely miss the quokka. The quokka barely misses you.
Your leather armour prevents you from hitting the quokka.
The quokka bites you but does no damage.
You hit the quokka but do no damage. The quokka misses you.
You closely miss the quokka. Your kick misses the quokka.
You feel yourself slow down. The quokka bites you.
* * * LOW HITPOINT WARNING * * *
You barely miss the quokka. Your kick misses the quokka. The quokka bites you.
You die...

#.# #.#.#...# #.##...
#.# #.#.###.# #.##...
#.# #######.#.# #.#
#.##... #.# #.........#
#.###.##... #.#
#........####..........
#)#
#.................##...
#.#
#####....###########...
#.# #....# ....
#.#######.@..# s.).
#.......#r...# .....
#######l#....# .....
#.#....# ......
#.#....# #l#.#### #.#.#
#.#.# #.#.#


You could see a quokka.

Vanquished Creatures
  An adder (D:5)
  An adder skeleton (D:4)
  2 kobolds (D:4)
4 creatures vanquished.

Notes
Turn   | Place    | Note
-------+----------+-------------------------------------------
     0 | D:5      | Danakh the Demonspawn Delver began the quest for the Orb.
     0 | D:5      | Reached XP level 1. HP: 18/18 MP: 1/1
    33 | D:5      | Gained mutation: You have large cloven feet. [demonic
                  | ancestry]
    33 | D:5      | Reached XP level 2. HP: 10/24 MP: 2/2
   338 | D:4      | Noticed a scorpion
   644 | D:4      | HP: 1/24 [quokka (1)]
   645 | D:4      | Slain by a quokka

Illustrated notes

Levels and vault maps discovered:
D:4:      layout_basic
D:5:      layout_loops_ring, old_standard_altar,
          minmay_temple_entry_butterflies, hangedman_decor_peaks_small,
          serial_bayou_lagoon_a, minmay_misc_feat_rugged

Skill      XL: |  1 |
---------------+----+-----
Axes           | 2 |  2.3
Dodging        | 2 |  2.0
Fighting       | |  3.2
Stealth        | |  4.5

Action                   || total
-------------------------++-------
Melee: Hand axe          ||    30
       Kick              ||     4
Throw: Boomerang         ||     1
  Use: Potion            ||     1
Armor: Leather armour    ||     4
Dodge: Dodged            ||    18
